 Dungeon Crawl Stone Soup version 0.15-a0-1485-g692b94f (webtiles) character file.

1173 Crauler the Insei (level 8, -6/52 HPs)
             Began as an Octopode Transmuter on June 14, 2014.
             Was a Priest of Kikubaaqudgha.
             Mangled by an orc warrior
             ... wielding a +0,+0 halberd
              (24 damage)
             ... on Level 7 of the Dungeon.
             The game lasted 00:30:33 (5973 turns).

Crauler the Insei (Octopode Transmuter)             Turns: 5973, Time: 00:30:35

HP  -6/52        AC  2     Str  8 (9)  XL: 8   Next: 41%
MP  14/26        EV 23     Int 15 (16) God: Kikubaaqudgha [***...]
Gold 206         SH  0     Dex 17 (18) Spells:  2 memorised, 10 levels left

rFire  x . .     SeeInvis .     u - melded +0,+1 short sword (speed)
rCold  + . .     Clarity  +     (shield currently unavailable)
rNeg   . . .     rCorr    +     (helmet currently unavailable)
rPois  .         rRot     .     o - amulet of resist corrosion
rElec  .         Spirit   .     f - ring of protection from magic
SustAb .         Warding  .     h - cursed +0,+7 ring of slaying
rMut   .         Stasis   .     l - ring of magical power
Gourm  .                        k - +1 ring of intelligence
MR     +....                    E - ring of ice
                                C - ring of poison resistance
                                (no ring)
                                (no ring)

@: spider-form, very slightly contaminated, drained, somewhat resistant to
hostile enchantments, fairly stealthy
A: almost no armour, amphibious, 8 rings, (constrict 8), (camouflage 0),
clarity, deterioration 1, dopey 1, spit poison 1, (gelatinous body 0)
a: Spit Poison, End Transformation, Receive Corpses, Renounce Religion


You were on level 7 of the Dungeon.
You worshipped Kikubaaqudgha.
Kikubaaqudgha was most pleased with you.
You were hungry.
You were in spider-form.
You visited 2 branches of the dungeon, and saw 8 of its levels.

You collected 332 gold pieces.
You spent 126 gold pieces at shops.

Inventory:

Hand weapons
 u - a +0,+1 short sword of speed (melded)
 z - a +0 blowgun
Missiles
 b - 12 arrows
 A - 3 tomahawks (quivered)
 B - 14 poisoned needles
 F - 3 silver tomahawks
Comestibles
 a - 2 bread rations
 n - a slice of pizza
 w - 3 beef jerkies
 G - a meat ration
 J - a rotting chunk of orc flesh
 M - 3 chunks of giant frog flesh
Scrolls
 c - 3 scrolls of amnesia
 g - a scroll of recharging {unknown}
 i - 2 scrolls of magic mapping
 j - a scroll of enchant weapon II {unknown}
 m - 3 scrolls of teleportation
 p - a scroll of enchant armour {unknown}
 q - 7 scrolls of identify
 r - a scroll of blinking {unknown}
 s - a scroll of noise {unknown}
 v - 3 scrolls of remove curse
 L - a scroll of fog {unknown}
Jewellery
 f - a ring of protection from magic (left front leg)
 h - a cursed +0,+7 ring of slaying (right front leg)
 k - a +1 ring of intelligence (on tentacle)
 l - a ring of magical power (on tentacle)
 o - an amulet of resist corrosion (around neck)
 C - a ring of poison resistance (on tentacle)
 E - a ring of ice (on tentacle)
Potions
 e - 2 potions of curing
 x - a potion of lignification
 D - a potion of invisibility
 I - a potion of might
 K - a potion of flight
Books
 d - a book of Changes

   Spells                             Type                      Level
   *Beastly Appendage                 Transmutation                1
   Sticks to Snakes                   Transmutation                2
   *Spider Form                       Transmutation/Poison         3
   Ice Form                           Ice/Transmutation            4
   Blade Hands                        Transmutation                5
 t - Kikubaaqudgha's Catalogue of Necromancy
   (Kikubaaqudgha gifted it to you on level 3 of the Dungeon)

   Spells                             Type                      Level
   Pain                               Necromancy                   1
   Corpse Rot                         Necromancy                   2
   Sublimation of Blood               Necromancy                   2
   Vampiric Draining                  Necromancy                   3
   Control Undead                     Necromancy                   4
 y - a book of Battle

   Spells                             Type                      Level
   Infusion                           Charms                       1
   Shroud of Golubria                 Charms/Translocation         2
   Song of Slaying                    Charms                       2
   Spectral Weapon                    Hexes/Charms                 3
   Regeneration                       Charms/Necromancy            3
 H - Kikubaaqudgha's Grimoire of Sinister Magic
   (Kikubaaqudgha gifted it to you on level 6 of the Dungeon)

   Spells                             Type                      Level
   Animate Dead                       Necromancy                   4
   Excruciating Wounds                Charms/Necromancy            5
   Agony                              Necromancy                   5
   Dispel Undead                      Necromancy                   5
   Simulacrum                         Ice/Necromancy               6


   Skills:
 + Level 3.0(2.8) Fighting
 * Level 5.0(4.8) Dodging
 + Level 4.6(4.4) Stealth
 * Level 5.4(5.2) Unarmed Combat
 + Level 3.5(3.3) Spellcasting
 + Level 1.2(1.0) Necromancy
 * Level 4.6(4.4) Transmutations


You had 10 spell levels left.
You knew the following spells:

 Your Spells              Type           Power        Failure   Level  Hunger
a - Beastly Appendage     Trmt           ###...       12%         1    None
b - Spider Form           Trmt/Pois      #.........   45%         3    ###....


Dungeon Overview and Level Annotations

Branches:
Dungeon (7/15)             Temple (1/1) D:4

Altars:
Ashenzari
Cheibriados
Dithmenos
Elyvilon
Fedhas
Gozag
Kikubaaqudgha
Makhleb
Nemelex Xobeh
Okawaru
Qazlal
Sif Muna
Trog
Vehumet
Xom
Zin
The Shining One

Shops:
D:5 %[*?   D:6 }

Annotations:
D:5 casual's ghost, experienced HuMo


Innate Abilities, Weirdness & Mutations

You cannot wear most types of armour.
You are amphibious.
You can wear up to eight rings at the same time.*
((You can use your tentacles to constrict many enemies at once.))*
((Your skin changes colour to match your surroundings (Stealth).))*
((Your rubbery body absorbs attacks (AC +1).))*
You possess an exceptional clarity of mind.
Your body is slowly deteriorating.
You are dopey. (Int -2)
You can spit poison.


Message History

Confirm with . or Enter, or press ? or * to list all spells.
You miscast Spider Form.
Your tentacles glow momentarily.
You constrict the giant frog zombie.
The giant frog zombie completely misses you.
Casting: Spider Form
Confirm with . or Enter, or press ? or * to list all spells.
You miscast Spider Form.
You smell something strange.
You constrict the giant frog zombie.
The giant frog zombie closely misses you.
The orc warrior hits you from afar with a halberd.
The giant frog zombie misses you.
Casting: Spider Form
Confirm with . or Enter, or press ? or * to list all spells.
You turn into a venomous arachnid creature.
Your +0,+1 short sword of speed melds into your body.
You lose your grip on the giant frog zombie.
You are feeling hungry.
The orc warrior hits you from afar with a halberd!!
You die...
Kikubaaqudgha rasps: "You have failed me!
Welcome... death!"

..≈≈ .#≈≈≈ #> ..≈≈≈
... ####....####.
..# .$.......... ..
#!..#>...# ##.#
#...#....# #. #.%.
#s..#....##...
#..)###Z....#.......
#..%.o.o........<...
#######.###.###.#...
#.# #.##..#
##.###.<..####
#......(........
####...#######.
#...#


You could see an orc warrior and a giant frog zombie.

Vanquished Creatures
  An orc warrior (D:6)
  An ice beast (D:5)
  A giant frog (D:7)
  A scorpion (D:4)
  3 wights (D:6)
  A hippogriff skeleton (D:6)
  A crimson imp (D:5)
  3 hounds
  An iguana (D:4)
  A jelly (D:5)
  2 orc priests (D:6)
  2 orc wizards
  3 worker ants
  13 gnolls
  6 adders
  4 worms
  An ooze (D:1)
  24 orcs
  2 giant cockroaches
  16 goblins
  15 hobgoblins
  13 jackals
  2 quokkas
  3 ball pythons
  A ball python skeleton (D:4)
  9 bats
  A giant gecko zombie (D:5)
  4 giant newts
  12 kobolds
  An orc skeleton (D:5)
  9 rats
157 creatures vanquished.

Notes
Turn   | Place    | Note
--------------------------------------------------------------
     0 | D:1      | Crauler, the Octopode Transmuter, began the quest for the Orb.
     0 | D:1      | Reached XP level 1. HP: 13/13 MP: 3/3
    46 | D:1      | Reached skill level 1 in Stealth
   121 | D:1      | Reached XP level 2. HP: 13/18 MP: 4/4
   379 | D:1      | Reached XP level 3. HP: 17/23 MP: 6/6
   384 | D:1      | Learned a level 3 spell: Spider Form
  1186 | D:2      | Reached XP level 4. HP: 28/28 MP: 7/7
  1364 | D:2      | Found a shimmering altar of Xom.
  1364 | D:2      | Found a shadowy altar of Dithmenos.
  1366 | D:2      | Found an ancient bone altar of Kikubaaqudgha.
  1377 | D:2      | Found a white marble altar of Elyvilon.
  1377 | D:2      | Found a shattered altar of Ashenzari.
  1378 | D:2      | Found a deep blue altar of Sif Muna.
  1402 | D:2      | Became a worshipper of Kikubaaqudgha
  1677 | D:3      | Gained mutation: You can spit poison. [potion of mutation]
  1677 | D:3      | Gained mutation: You are dopey. (Int -2) [potion of mutation]
  1677 | D:3      | Gained mutation: Your body is slowly deteriorating. [potion of mutation]
  1734 | D:3      | Reached XP level 5. HP: 33/33 MP: 9/9
  1876 | D:3      | Found a stormy altar of Qazlal.
  1876 | D:3      | Noticed a fire elemental
  1877 | D:3      | Noticed an earth elemental
  1877 | D:3      | Noticed an air elemental
  1877 | D:3      | Noticed a water elemental
  1941 | D:3      | Acquired Kikubaaqudgha's first power
  1941 | D:3      | Received a gift from Kikubaaqudgha
  1941 | D:3      | Reached skill level 4 in Unarmed Combat
  1946 | D:3      | Identified Kikubaaqudgha's Catalogue of Necromancy (Kikubaaqudgha gifted it to you on level 3 of the Dungeon)
  2523 | D:4      | Reached XP level 6. HP: 35/39 MP: 11/11
  2832 | D:4      | Acquired Kikubaaqudgha's second power
  3048 | D:4      | Found a staircase to the Ecumenical Temple.
  3058 | Temple   | Entered the Ecumenical Temple
  3686 | D:5      | Entered Level 5 of the Dungeon
  3713 | D:5      | Found Muighoudgh's Food Shoppe.
  3816 | D:5      | Found Phuv's General Store.
  3839 | D:5      | Found Ubioddui's Magic Scroll Shop.
  3866 | D:5      | Bought a scroll of magic mapping for 38 gold pieces
  3866 | D:5      | Bought a scroll of identify for 22 gold pieces
  3866 | D:5      | Bought a scroll of teleportation for 33 gold pieces
  3866 | D:5      | Bought a scroll of remove curse for 33 gold pieces
  3888 | D:5      | Reached XP level 7. HP: 38/45 MP: 13/13
  4243 | D:5      | Found Ugasiuza's Armour Shoppe.
  4347 | D:5      | Gained mutation: You possess an exceptional clarity of mind. [potion of beneficial mutation]
  4424 | D:5      | Noticed casual's ghost (experienced HuMo)
  4874 | D:5      | Found an opulent altar of Gozag.
  4914 | D:6      | Found Ykufidyvis' Gadget Shop.
  4983 | D:6      | Received a gift from Kikubaaqudgha
  5002 | D:6      | Reached skill level 5 in Unarmed Combat
  5006 | D:6      | Identified Kikubaaqudgha's Grimoire of Sinister Magic (Kikubaaqudgha gifted it to you on level 6 of the Dungeon)
  5375 | D:6      | Found a glowing golden altar of the Shining One.
  5404 | D:6      | Reached XP level 8. HP: 30/51 MP: 16/16
  5537 | D:6      | Reached skill level 1 in Necromancy
  5942 | D:7      | Reached skill level 5 in Dodging
  5973 | D:7      | Mangled by an orc warrior

Action                   |  1- 3 |  4- 6 |  7- 9 || total
-------------------------+-------+-------+-------++-------
Melee: Unarmed           |    68 |    77 |    15 ||   160
       Short sword       |       |    78 |   113 ||   191
 Cast: Spider Form       |       |     3 |     4 ||     7
       Beastly Appendage |       |       |     1 ||     1
  Use: Potion            |       |    11 |     3 ||    14
       Scroll            |       |     1 |       ||     1
 Stab: Sleeping          |     2 |    10 |     5 ||    17
       Distracted        |       |       |     1 ||     1
